 Dungeon Sprint DCSS version 0.31-a0-879-g1609e0ac53 (webtiles) character file.

Game seed: 5448431078632783345

927 sircluck the Grappler (level 7, -2/121 HPs)
             Began as a Troll Berserker on Oct 14, 2023.
             Was a Believer of Trog.
             Slain by a boulder beetle (16 damage)
             ... in the Dungeon (Sprint II: "The Violet Keep of Menkaure").
             The game lasted 00:00:35 (105 turns).

sircluck the Grappler (Troll Berserker)              Turns: 105, Time: 00:00:35

Health: -2/121     AC:  4    Str: 28    XL:     7   Next: 85%
Magic:  6/6        EV: 12    Int:  3    God:    Trog [**....]
Gold:   243        SH:  0    Dex:  9    Spells: 6/6 levels left

rFire   . .          .
                       - Unarmed
rCold   . . .        (no shield)
rNeg    . . .        a - +0 animal skin
rPois   .            (helmet restricted)
rElec   .            (no cloak)
rCorr   .            (gloves unavailable)
SInv    .            (boots unavailable)
Will    .....        (no amulet) Stlth
                     (no ring)
HPRegen 1.20/turn    (no ring)
MPRegen 0.10/turn

%: no teleportation
@: berserking, very quick
A: large, unfitting armour, claws 3, regeneration 1, shaggy fur 1, tough skin 1
a: Renounce Religion, Berserk, Trog's Hand


You were in the Dungeon.
You worshipped Trog.
Trog was pleased with you.
You visited 1 branch You collected 243 gold pieces.

Inventory:

Armour
 a - a +0 animal skin (worn)
Scrolls
 g - a scroll of blinking
Potions
 b - a potion of curing
 c - a potion of heal wounds
 d - a potion of haste
 e - 2 potions of magic
 f - a potion of berserk rage


   Skills:
 + Level 8.9 Fighting
 + Level 8.8 Dodging
 + Level 10.4 Unarmed Combat


You had 6 spell levels left.
You didn't know any spells.
Your spell library was empty.

Dungeon Overview and Level Annotations

Branches:
Dungeon (1/1)

Altars:
Trog
Uskayaw
Vehumet
Xom
Yredelemnul
Zin
The Shining One


Innate Abilities, Weirdness & Mutations

You are too large for most types of armour.
You have claws for hands.
Your natural rate of healing is unusually fast.
You are covered in fur. (AC +1)
You have tough skin. (AC +1)


Message History

The boulder beetle bites you!
There is an open door, spattered with blood here.
The boulder beetle attacks as it pursues you!
The boulder beetle barely misses you.
A red film seems to cover your vision as you go berserk!
You feel yourself moving faster!
You feel mighty!
You mangle the boulder beetle!!
The boulder beetle is moderately wounded.
The boulder beetle bites you.
You mangle the boulder beetle!!
The boulder beetle is heavily wounded.
You claw the boulder beetle!
The boulder beetle is severely wounded.
The boulder beetle barely misses you. The boulder beetle bites you!!
* * * LOW HITPOINT WARNING * * *
You scratch the boulder beetle but do no damage.
The boulder beetle is severely wounded.
You scratch the boulder beetle but do no damage.
The boulder beetle is severely wounded.
The boulder beetle bites you!
* * * LOW HITPOINT WARNING * * *
The boulder beetle bites you!
* * * LOW HITPOINT WARNING * * *
You scratch the boulder beetle but do no damage.
The boulder beetle is severely wounded.
You mangle the boulder beetle!!
You kill the boulder beetle!
Trog accepts your kill. The boulder beetle barely misses you.
Your Fighting skill increases to level 8!
Your Dodging skill increases to level 8!
Your Unarmed Combat skill gained 2 levels and is now at level 10!
You have reached level 7!
Unknown command.
Unknown command.
Unknown command.
You scratch the boulder beetle but do no damage.
You claw the boulder beetle, but do no damage.
The boulder beetle bites you!
You die...

≈§SS #~~#+++#+++##
~~~...†.....#
~~~~.##'##..# ~~~
##...##.#### ~
#..#..#....#
##.#.####..##
##†###.##..#
##.##..$#@.# +.<.+
#B..###
##.##...#....###...
#+###.##......~~~~~
###~~.....~#+##
#~~~~†§~..~#._.
#~~~~~~~~.~#.._
#~~~≈§§§§~~~#._.
~~~~~~≈≈≈≈~~~#_._


You could see a boulder beetle.

Vanquished Creatures
  A boulder beetle (D)
  A water moccasin (D)
  4 necrophages (D)
6 creatures vanquished.

Vanquished Creatures (others)
  Menkaure (D)
  A water moccasin (D)
2 creatures vanquished.

Grand Total: 8 creatures vanquished

Notes
Turn   | Place    | Note
-------+----------+-------------------------------------------
     0 | D        | sircluck the Troll Berserker began the quest for the Orb.
     0 | D        | Reached XP level 1. HP: 22/22 MP: 0/0
     1 | D        | Noticed a necrophage
     1 | D        | Noticed a necrophage
     1 | D        | Noticed a necrophage
     1 | D        | Noticed a necrophage
    10 | D        | Killed a necrophage
    11 | D        | Reached skill level 5 in Unarmed Combat
    11 | D        | Reached XP level 2. HP: 33/33 MP: 1/1
    11 | D        | Reached XP level 3. HP: 40/40 MP: 2/2
    14 | D        | Killed a necrophage
    15 | D        | Reached skill level 5 in Fighting
    15 | D        | Reached skill level 5 in Dodging
    15 | D        | Reached skill level 6 in Unarmed Combat
    15 | D        | Reached XP level 4. HP: 50/50 MP: 3/3
    16 | D        | Killed a necrophage
    16 | D        | Reached ** piety under Trog
    17 | D        | Reached skill level 7 in Unarmed Combat
    17 | D        | Reached XP level 5. HP: 59/59 MP: 4/4
    28 | D        | Noticed a water moccasin
    29 | D        | Killed a water moccasin
    34 | D        | Killed a water moccasin
    35 | D        | Reached skill level 8 in Unarmed Combat
    35 | D        | Reached XP level 6. HP: 71/71 MP: 5/5
    43 | D        | Noticed Menkaure
    47 | D        | Found a glowing silver altar of Zin.
    47 | D        | Found a radiant altar of Vehumet.
    48 | D        | Found a glowing golden altar of the Shining One.
    48 | D        | Found a basalt altar of Yredelemnul.
    48 | D        | Found a hide-covered altar of Uskayaw.
    49 | D        | Found a shimmering altar of Xom.
    49 | D        | Found a bloodstained altar of Trog.
    50 | D        | Killed Menkaure
    94 | D        | Noticed a boulder beetle
    95 | D        | Noticed a boulder beetle
   104 | D        | Killed a boulder beetle
   105 | D        | Reached skill level 10 in Unarmed Combat
   105 | D        | Reached XP level 7. HP: 14/81 MP: 6/6
   105 | D        | Slain by a boulder beetle

Illustrated notes

Levels and vault maps discovered:
D:        the_violet_keep_of_menkaure [sprint2_stairs_cluster_1,
          sprint2_shoproom, sprint2_temple, sprint2_basic_supplies,
          sprint2_obstacle_2, sprint2_obstacle_6, sprint2_obstacle_5,
          sprint2_obstacle_7, sprint2_obstacle_3, sprint2_timed_cluster_1,
          sprint2_smallroom_cluster_1, sprint2_smallroom_final_cluster_1,
          sprint2_transparent_cluster_1, sprint2_second_timed_cluster_1,
          sprint2_sniper_area_1, sprint2_heavy_combat_area_1,
          sprint2_mutation_trap_area_1, sprint2_forest_area_1,
          sprint2_light_combat_area_1, sprint2_behind_water_1,
          sprint2_near_end_vault_1]

Skill      XL: |  1  2  3  4  5  6 |
---------------+-------------------+-----
Fighting       | 4 5 7 8 |  8.9
Dodging        | 4 5 7 8 |  8.8
Unarmed Combat | 5 6 7 8 10 | 10.4

Action                     |  1- 3 |  4- 6 |  7- 9 || total
---------------------------+-------+-------+-------++-------
  Melee: Unarmed           |     9 |    20 |     1 ||    30
         Punch             |       |       |     1 ||     1
 Invoke: Berserk           |     1 |     1 |       ||     2
 Armour: Animal skin       |     4 |    11 |     1 ||    16
  Dodge: Dodged            |     7 |    10 |       ||    17

Table legend: (Time is in decaauts)
 A = Elapsed time spent in this place.
 B = Non-inter-level travel time spent in this place.
 C = Inter-level travel time spent in this place.
 D = Time resting spent in this place.
 E = Time spent auto-exploring this place.
 F = Levels seen in this place.
 G = Mean time per level.
                   A        B        C        D        E       F      G
               +--------+--------+--------+--------+--------+-----+--------+
         Total |    108 |    108 |      0 |     38 |      1 |   1 |  108.0 |
       Dungeon |    108 |    108 |      0 |     38 |      1 |   1 |  108.0 |
               +--------+--------+--------+--------+--------+-----+--------+

Top non-repeatable levels by time:
       D: 108 daAuts
